Map: Orbital Shipyard

Players

Javert - Winner!

  • Race: Zerg Zerg
  • League: Platinum

Blackwynd

  • Race: Zerg Zerg
  • League: Platinum

VOD

Have the link to the VOD?

Description

Time

  • Played on: Aug. 14, 2015, 11:22 p.m.
  • Length: 36:23
Show
View Real Time Build Order
Export as new Build Order

Javert Zerg - Winner!

Build Orders: Pool First 

Get SALT Encoding   

  12  0:01  Drone  
  13  0:10  Drone  
  14  0:25  Extractor  
  14  0:26  Extractor  
  14  0:27  Drone x2  
  14  0:33  Extractor  
  15  0:41  Spawning Pool  
  14  0:45  Overlord  
  14  1:04  Drone x3  
  17  1:15  Drone  
  18  1:26  Drone  
  18  1:32  Roach Warren, Queen  
  20  1:37  Overlord  
  20  1:50  Overlord  
  20  2:08  Burrow  
  20  2:13  Roach x2  
  24  2:22  Roach  
  26  2:31  Roach  
  28  2:42  Overlord  
  28  2:44  Roach x2  
  28  2:48  Roach  
  34  2:59  Roach  
  36  3:15  Hatchery, Roach x2  
  39  3:21  Drone x3  
  42  3:35  Drone x2  
  42  3:39  Overlord  
  44  3:46  Roach x2  
  40  4:09  Roach  
  46  4:10  Roach x3  
  46  4:11  Roach  
  46  4:12  Roach x3  
  48  4:19  Roach, Queen  
  48  4:20  Overlord  
  48  4:22  Roach x3  
  48  4:32  Roach x3  
  48  4:34  Roach x2  
  46  4:50  Roach  
  46  4:53  Roach x3  
  46  4:55  Roach x3  
  46  4:58  Roach x7  
  60  5:04  Drone x2  
  62  5:18  Roach  
  58  5:28  Roach x3  
  50  5:43  Drone  
  50  5:44  Drone x8  
  53  5:51  Drone  
  53  5:53  Lair  
  53  5:55  Drone  
  53  5:56  Evolution Chamber, Extractor  
  51  5:58  Drone  
  52  6:10  Drone x2  
  54  6:14  Drone x4  
  54  6:15  Drone x2  
  60  6:24  Zerg Missile Weapons Level 1  
  60  6:27  Drone x4  
  64  6:34  Ravager  
  65  6:46  Drone  
  66  6:47  Drone x2  
  66  6:53  Extractor x2  
  66  6:58  Overlord x2  
  66  7:02  Overseer  
  66  7:10  Glial Reconstitution  
  66  7:14  Queen  
  68  7:27  Hatchery  
  68  7:29  Drone x4, Hydralisk Den  
  73  7:30  Drone x11  
  81  7:42  Roach x2  
  81  7:46  Overlord x2  
  70  8:08  Roach  
  70  8:10  Roach x2  
  70  8:11  Roach x7  
  86  8:15  Muscular Augments  
  82  8:36  Hydralisk  
  82  8:37  Hydralisk x4  
  92  8:52  Overlord x3  
  92  8:57  Overlord x3  
  92  9:02  Spore Crawler x2  
  91  9:03  Spore Crawler  
  91  9:05  Spore Crawler  
  91  9:06  Spore Crawler  
  91  9:07  Spore Crawler, Hydralisk x3  
  91  9:08  Spore Crawler  
  91  9:17  Overlord, Spore Crawler  
  91  9:20  Hydralisk x5  
  100  9:39  Hydralisk  
  100  9:40  Hydralisk  
  100  9:43  Hatchery  
  100  9:44  Spore Crawler  
  102  10:00  Roach  
  102  10:01  Roach x3  
  102  10:06  Overlord  
  110  10:11  Hydralisk  
  112  10:25  Spore Crawler x3  
  112  10:28  Hydralisk x3  
  115  10:39  Evolution Chamber  
  115  10:41  Overlord x2  
  114  10:45  Drone  
  114  10:46  Drone x9  
  124  10:51  Overlord  
  124  10:53  Extractor  
  123  10:58  Extractor  
  122  11:09  Drone  
  123  11:18  Hydralisk x6  
  123  11:19  Hydralisk  
  132  11:38  Spore Crawler  
  132  11:39  Spore Crawler x2  
  129  11:43  Roach x5  
  129  11:44  Roach  
  129  11:45  Overlord  
  141  11:48  Drone  
  141  11:53  Zerg Missile Weapons Level 2  
  142  12:08  Roach  
  142  12:09  Roach x4  
  152  12:17  Queen  
  152  12:18  Spore Crawler  
  153  12:29  Overlord x3  
  153  12:32  Drone  
  154  12:40  Overlord  
  154  12:47  Overlord  
  154  12:52  Zerg Ground Armor Level 1  
  154  13:07  Infestation Pit  
  153  13:18  Drone x5, Spore Crawler  
  153  13:19  Drone x3  
  160  13:28  Spore Crawler  
  160  13:31  Drone x3  
  160  13:32  Drone x5  
  165  13:41  Roach x4  
  163  14:08  Hive  
  163  14:18  Roach x4  
  169  15:03  Spore Crawler  
  169  15:06  Spore Crawler  
  167  15:09  Overlord  
  167  15:11  Zerg Ground Armor Level 2  
  167  15:39  Spore Crawler  
  166  15:43  Viper x5  
  166  15:44  Viper x2  
  166  15:48  Roach  
  166  15:49  Roach x5  
  199  16:03  Spine Crawler  
  198  16:06  Baneling Nest  
  198  16:08  Evolution Chamber  
  196  16:15  Evolution Chamber  
  195  16:19  Evolution Chamber  
  194  16:30  Evolution Chamber  
  194  16:53  Spine Crawler x2  
  192  16:55  Spine Crawler  
  93  17:18  Roach x11  
  111  17:28  Roach x6  
  117  17:36  Hydralisk  
  95  18:00  Roach x5  
  95  18:01  Roach  
  107  18:17  Hydralisk x3  
  111  18:28  Roach x2  
  115  18:43  Roach x2  
  119  18:59  Roach x2  
  123  19:07  Roach  
  112  19:42  Roach x3  
  112  19:43  Roach  
Show
View Real Time Build Order
Export as new Build Order

Blackwynd Zerg 

Build Orders: Pool First 

Get SALT Encoding   

  12  0:01  Drone  
  13  0:08  Drone  
  14  0:24  Drone, Extractor x2  
  14  0:25  Drone  
  14  0:28  Overlord  
  16  0:47  Drone x2  
  18  0:52  Extractor  
  18  0:54  Spawning Pool  
  16  1:09  Drone  
  16  1:10  Drone  
  18  1:19  Drone  
  19  1:29  Overlord  
  19  1:40  Queen  
  19  1:44  Drone, Spine Crawler  
  21  1:55  Drone  
  21  1:56  Baneling Nest  
  21  2:02  Zergling x2  
  22  2:14  Hatchery  
  22  2:15  Zergling x2  
  22  2:26  Drone  
  23  2:37  Drone  
  24  2:43  Metabolic Boost  
  24  2:46  Drone  
  24  2:50  Queen  
  27  2:52  Drone x3  
  27  2:56  Overlord  
  29  3:06  Zergling x2  
  30  3:17  Zergling x2  
  31  3:26  Zergling x6  
  31  3:27  Zergling x4  
  36  3:39  Zergling x2  
  36  3:40  Zergling x2  
  33  3:58  Zergling x12  
  36  4:04  Zergling x2  
  36  4:05  Zergling x2  
  38  4:10  Zergling x2  
  38  4:23  Drone  
  38  4:24  Drone x2  
  38  4:34  Lair  
  30  4:46  Zergling x2  
  30  4:47  Zergling x12  
  35  4:52  Spine Crawler  
  35  4:53  Spore Crawler  
  35  4:54  Spore Crawler, Zergling x2  
  35  4:55  Zergling x2  
  32  5:09  Queen  
  34  5:16  Zergling x10  
  36  5:22  Zergling x2  
  36  5:23  Zergling x2  
  36  5:26  Zergling x2  
  34  5:40  Zergling x2  
  33  5:46  Zergling x2  
  33  5:47  Zergling x8  
  38  5:56  Drone  
  39  6:04  Drone x4  
  39  6:07  Overseer  
  39  6:10  Drone  
  43  6:17  Overlord  
  43  6:35  Overlord x4  
  43  6:48  Drone x5  
  43  6:49  Drone  
  49  6:59  Extractor  
  48  7:03  Drone  
  48  7:04  Spire  
  48  7:22  Drone x3  
  51  7:23  Drone x4  
  51  7:24  Drone x3  
  58  7:54  Hatchery  
  57  8:02  Zergling x14  
  57  8:03  Zergling x10  
  67  8:11  Zergling x2  
  63  8:30  Zergling x2  
  63  8:31  Zergling x4  
  61  8:37  Mutalisk x2  
  65  8:55  Overlord x2  
  65  8:56  Mutalisk x6  
  77  9:04  Extractor  
  77  9:05  Drone x2, Extractor  
  77  9:11  Drone  
  77  9:12  Drone, Queen  
  81  9:24  Mutalisk  
  83  9:32  Drone  
  83  9:33  Drone x11  
  95  9:39  Mutalisk x2  
  95  9:41  Extractor  
  98  9:47  Extractor  
  98  9:49  Mutalisk  
  99  10:03  Spine Crawler  
  99  10:04  Mutalisk, Spine Crawler  
  99  10:05  Spine Crawler  
  99  10:06  Spine Crawler  
  99  10:07  Spine Crawler  
  96  10:09  Drone x3  
  96  10:10  Drone x3  
  102  10:20  Drone x3  
  105  10:26  Spine Crawler  
  105  10:28  Spine Crawler  
  103  10:38  Zerg Flyer Weapons Level 1  
  103  10:44  Mutalisk  
  103  10:49  Overlord x5  
  105  10:50  Overlord x3  
  105  10:57  Zergling x2  
  105  11:02  Overlord x4  
  106  11:14  Mutalisk x3  
  107  11:30  Mutalisk  
  107  11:31  Mutalisk x5  
  107  11:42  Baneling Nest  
  107  11:45  Drone x6  
  107  11:46  Drone  
  113  12:06  Mutalisk x5  
  121  12:11  Drone  
  121  12:12  Drone  
  123  12:26  Mutalisk x3  
  129  12:46  Zergling x2  
  129  12:47  Zergling x22  
  139  13:04  Mutalisk x5  
  139  13:05  Hatchery  
  142  13:15  Mutalisk x3  
  148  13:24  Zergling x2  
  148  13:25  Zergling x10  
  151  13:41  Zergling x2  
  151  13:42  Zergling x12  
  150  13:55  Zergling x2  
  150  13:56  Zergling x18  
  150  14:00  Centrifical Hooks  
  159  14:04  Mutalisk x2  
  163  14:13  Zergling x2  
  163  14:14  Zergling x10  
  169  14:21  Queen  
  171  14:47  Extractor  
  171  14:48  Extractor  
  167  14:57  Zergling x2  
  167  14:58  Zergling x36  
  182  15:06  Drone x3  
  186  15:07  Drone x3  
  186  15:11  Zergling x8  
  186  15:12  Zergling x8  
  186  15:13  Infestation Pit  
  195  15:50  Baneling x6  
  195  15:51  Baneling x29  
  195  15:52  Baneling x23  
  195  15:53  Baneling  
  195  15:54  Baneling x3  
  195  15:55  Baneling  
  195  16:09  Hive  
  195  16:14  Evolution Chamber  
  195  16:15  Evolution Chamber  
  193  16:26  Hatchery  
  193  16:31  Hatchery  
  191  16:33  Baneling x2  
  191  16:34  Baneling x17  
  139  17:23  Zergling x18  
  139  17:24  Zergling x24  
  130  17:30  Zergling x2  
  130  17:31  Zergling x30  
  144  17:38  Queen  
  123  18:03  Adrenal Glands  
  98  18:06  Zergling x2  
  98  18:07  Zergling x28  
  98  18:08  Zergling x2  
  109  18:14  Zergling x10  
  109  18:15  Zergling x2  
  91  18:34  Ultralisk Cavern  
  73  18:57  Zergling x2  
  73  18:58  Zergling x38  
  73  18:59  Zergling x6  
  94  19:09  Zergling x2  
  93  19:10  Zergling x6  
Tags
 
Add a new tag
Caveats
  • Supply blocks, unpowered buildings, or Contaminate may cause inaccurate times.
  • Supply counts are checked every 10 seconds.